Map: Dusk Towers

Players

SourPatch

  • Race: Protoss Protoss
  • League: Gold

LilDicky - Winner!

  • Race: Terran Terran
  • League: Diamond

VOD

http://www.twitch.tv/tumescentpie

Description

Time

  • Played on: Dec. 6, 2015, 7:58 p.m.
  • Length: 6:23
Show
View Real Time Build Order
Export as new Build Order

SourPatch Protoss 

Build Orders: Double Forge, Nexus First 

Get SALT Encoding   

  12  0:01  Probe (Chrono Boost)  
  13  0:12  Probe (Chrono Boost)  
  14  0:22  Probe (Chrono Boost)  
  14  0:23  Pylon  
  15  0:41  Probe (Chrono Boost)  
  16  0:51  Probe (Chrono Boost)  
  17  1:02  Probe (Chrono Boost), Nexus  
  18  1:12  Probe (Chrono Boost)  
  18  1:16  Gateway  
  19  1:20  Assimilator  
  19  1:25  Probe (Chrono Boost)  
  20  1:35  Probe (Chrono Boost)  
  20  1:39  Pylon  
  21  1:48  Probe (Chrono Boost)  
  21  1:53  Assimilator  
  22  1:58  Probe (Chrono Boost)  
  23  2:09  Probe (Chrono Boost)  
  23  2:11  Cybernetics Core  
  24  2:19  Probe (Chrono Boost)  
  25  2:28  Forge  
  25  2:29  Forge  
  25  2:30  Probe (Chrono Boost)  
  25  2:35  Probe (Chrono Boost)  
  27  2:40  Probe (Chrono Boost)  
  28  2:46  Probe (Chrono Boost)  
  28  2:47  Adept  
  28  2:48  Warp Gate  
  32  2:51  Probe (Chrono Boost)  
  32  2:56  Probe (Chrono Boost)  
  33  3:01  Protoss Ground Weapons Level 1  
  33  3:02  Protoss Ground Armor Level 1  
  33  3:04  Probe (Chrono Boost)  
  34  3:10  Probe (Chrono Boost)  
  35  3:19  Probe (Chrono Boost)  
  36  3:20  Probe (Chrono Boost)  
  36  3:23  Adept  
  39  3:34  Robotics Facility  
  35  3:37  Assimilator  
  31  3:56  Probe x2 (Chrono Boost)  
  33  4:06  Probe (Chrono Boost)  
  34  4:11  Probe (Chrono Boost)  
  34  4:17  Probe (Chrono Boost)  
  36  4:20  Probe (Chrono Boost)  
  36  4:21  Observer (Chrono Boost)  
  38  4:28  Probe  
  38  4:30  Probe  
  37  4:32  Gateway  
  37  4:34  Gateway  
  38  4:51  Probe  
  38  4:53  Probe  
  38  4:58  Immortal (Chrono Boost)  
  44  5:00  Twilight Council  
  44  5:02  Probe  
  44  5:05  Probe  
  46  5:18  Pylon  
  46  5:19  Pylon  
  46  5:34  Probe  
  46  5:36  Probe  
  48  5:45  Probe  
  48  5:48  Probe, Assimilator  
  50  5:51  Pylon  
  50  5:52  Pylon  
  50  5:55  Probe  
  54  5:57  Adept  
  54  6:00  Probe  
  58  6:05  Zealot x2  
Show
View Real Time Build Order
Export as new Build Order

LilDicky Terran - Winner!

Build Orders: MMM Bio 

Get SALT Encoding   

  12  0:01  SCV  
  13  0:13  SCV  
  14  0:18  Supply Depot  
  14  0:25  SCV  
  15  0:34  Refinery  
  15  0:40  SCV  
  16  0:45  Barracks  
  16  0:52  SCV  
  17  1:04  SCV  
  18  1:16  SCV  
  19  1:32  Marine  
  21  1:33  Orbital Command  
  21  1:34  Supply Depot  
  21  1:37  Factory  
  20  1:50  Marine  
  21  2:00  SCV, Barracks  
  22  2:05  Barracks  
  22  2:09  Barracks Reactor  
  22  2:14  Refinery  
  22  2:20  SCV  
  23  2:32  SCV  
  25  2:44  SCV  
  25  2:51  Widow Mine  
  27  3:00  Engineering Bay  
  26  3:05  Barracks Tech Lab x2  
  26  3:06  SCV  
  26  3:10  Supply Depot  
  27  3:18  SCV  
  27  3:19  Widow Mine  
  30  3:32  Stimpack  
  30  3:33  Combat Shields  
  30  3:34  Marine x4  
  30  3:37  SCV  
  35  3:46  Command Center  
  35  4:06  Widow Mine  
  35  4:07  Marine x2  
  35  4:08  Marine  
  38  4:13  SCV, Marauder, Supply Depot  
  41  4:26  Marauder  
  41  4:31  Marine x2  
  43  4:36  Marauder  
  43  4:38  SCV  
  48  4:39  Starport  
  46  4:47  Marauder  
  46  4:57  Marine x2  
  46  4:59  Orbital Command  
  48  5:06  SCV  
  49  5:10  Marauder x2  
  53  5:15  Medivac  
  53  5:18  SCV  
  56  5:25  SCV, Barracks  
  57  5:29  Marine  
  57  5:30  Marine  
  57  5:33  Marine  
  57  5:35  Marine  
  61  5:40  SCV  
  61  5:41  SCV  
  63  5:46  Marine  
  63  5:47  Marine  
  63  5:49  Supply Depot  
  65  5:52  SCV  
  65  5:54  Marine  
  65  5:55  Marine  
  65  5:56  SCV  
  69  6:02  Starport Reactor  
  69  6:04  Marine  
  69  6:06  Supply Depot  
  69  6:08  Supply Depot  
Tags
 
Add a new tag
Caveats
  • Supply blocks, unpowered buildings, or Contaminate may cause inaccurate times.
  • Supply counts are checked every 10 seconds.